 Dungeon Crawl Stone Soup version 0.27.0-1-g7a089689b8 (webtiles) character file.

Game seed: 14725735391757294949

32 trckry the Grasshopper (level 3, 0/36 HPs)
             Began as an Ogre Warper on Aug 11, 2021.
             Was a Follower of Fedhas.
             Slain by an adder (1 damage)
             ... on level 2 of the Dungeon.
             The game lasted 00:02:58 (1462 turns).

trckry the Grasshopper (Ogre Warper)                Turns: 1462, Time: 00:02:59

Health: 0/36       AC:  3    Str: 15    XL:     3   Next: 27%
Magic:  7/7        EV:  9    Int: 15    God:    Fedhas [*.....]
Gold:   25         SH:  0    Dex:  8    Spells: 7/7 levels left

rFire    . . .     SeeInvis .   a - +0 mace
rCold    . . .     Faith    .   (no shield)
rNeg     . . .     Spirit   .   b - +0 robe
rPois    .         Reflect  .   (helmet restricted)
rElec    .         Harm     .   (no cloak)
rCorr    .         Rampage  .   (gloves unavailable)
Will     .....                  (boots unavailable)
Stlth    +.........             (no amulet)
HPRegen  0.12/turn              (no ring)
MPRegen  0.10/turn              (no ring)

@: lethally poisoned (0 -> -3)
A: large, unfitting armour, tough skin 1
a: Renounce Religion


You were on level 2 of the Dungeon.
You worshipped Fedhas.
Fedhas was aware of your devotion.
You visited 1 branch of the dungeon, and saw 2 of its levels.

You collected 25 gold pieces.

Inventory:

Hand Weapons
 a - a +0 mace (weapon)
Missiles
 d - 5 boomerangs of dispersal (quivered)
Armour
 b - a +0 robe (worn)
Scrolls
 c - a scroll of blinking
 e - a scroll of magic mapping {unknown}
 f - a scroll of silence {unknown}
 g - a scroll of noise {unknown}
 h - a scroll of holy word {unknown}
Potions
 i - a potion of curing {unknown}


   Skills:
 + Level 2.9 Fighting
 * Level 2.3 Maces & Flails
 + Level 1.3 Throwing
 - Level 2.1 Dodging
 + Level 2.6 Spellcasting
 * Level 3.1 Translocations


You had 7 spell levels left.
You didn't know any spells.
Your spell library contained the following spells:

 Spells                   Type           Power      Damage    Failure   Level
 Blink                    Tloc           N/A        N/A       9%          2
 Gell's Gravitas          Tloc           5%         N/A       17%         3
 Lesser Beckoning         Tloc           5%         N/A       17%         3
 Teleport Other           Tloc           11%        N/A       17%         3
 Beastly Appendage        Tmut           4%         N/A       21%         1
 Wereblood                Tmut           2%         N/A       30%         2
 Spider Form              Tmut/Pois      1%         N/A       52%         3
 Manifold Assault         Tloc           11%        N/A       85%         5


Dungeon Overview and Level Annotations

Branches:
Dungeon (2/15)

Altars:
Fedhas


Innate Abilities, Weirdness & Mutations

You are too large for most types of armour.
You have tough skin. (AC +1)


Message History

The adder closely misses you. The adder misses you.
You take 3 damage, and have 18/36 hp.
You hit the adder but do no damage.
The adder is almost dead.
You feel sick. The adder bites you.
You are more poisoned.
The adder poisons you!
You take 3 damage, and have 15/36 hp.
You closely miss the adder.
The adder is almost dead.
You feel very sick. The adder bites you.
* * * LOW HITPOINT WARNING * * *
The adder barely misses you.
You take 5 damage, and have 10/36 hp.
You miss the adder.
The adder is almost dead.
* * * LOW HITPOINT WARNING * * *
You feel very sick. The adder bites you.
* * * LOW HITPOINT WARNING * * *
The adder bites you.
* * * LOW HITPOINT WARNING * * *
You take 5 damage, and have 5/36 hp.
You barely miss the adder.
The adder is almost dead.
* * * LOW HITPOINT WARNING * * *
You feel sick. The adder barely misses you.
You take 1 damage, and have 4/36 hp.
You closely miss the adder.
The adder is almost dead.
* * * LOW HITPOINT WARNING * * *
You feel sick. The adder closely misses you. The adder barely misses you.
You take 2 damage, and have 2/36 hp.
You barely miss the adder.
The adder is almost dead.
* * * LOW HITPOINT WARNING * * *
You feel sick. The adder bites you.
You die...
Fedhas appreciates your contribution to the ecosystem.

########.>...#
#.....>......#
###.#######....#
###...# #....#
##...### #....#
#<.### ##.###
....## #..#
###.# #.## ..#
#@# .#.# #S#
..#.. #S# # ###
#[# ...S...?.#
####....##
.......
<.##.##.. # #.
#...


You could see an adder and a ball python.

Vanquished Creatures
  3 ball pythons (D:1)
  An endoplasm (D:1)
  2 giant cockroaches (D:1)
  2 goblins (D:1)
  2 hobgoblins
  A kobold (D:1)
  5 quokkas
  2 bats (D:1)
  3 frilled lizards (D:1)
  10 rats (D:1)
31 creatures vanquished.

Notes
Turn   | Place    | Note
-------+----------+-------------------------------------------
     0 | D:1      | trckry the Ogre Warper began the quest for the Orb.
     0 | D:1      | Reached XP level 1. HP: 22/22 MP: 3/3
   361 | D:1      | Reached XP level 2. HP: 23/29 MP: 5/5
   827 | D:1      | Reached skill level 3 in Translocations
  1073 | D:1      | Reached XP level 3. HP: 36/36 MP: 6/6
  1100 | D:1      | Found a faded altar of an unknown god.
  1119 | D:1      | Became a worshipper of Fedhas Madash
  1119 | D:1      | Reached * piety under Fedhas
  1459 | D:2      | HP: 5/36 [adder (1)]
  1461 | D:2      | HP: 2/36 [poisoned by an adder]
  1462 | D:2      | Slain by an adder

Illustrated notes

Levels and vault maps discovered:
D:1:      dpeg_arrival_court, layout_basic, dreamdust_ecumenical_altar_statues,
          minmay_rat_gold_closets
D:2:      layout_rooms

Skill      XL: |  1  2 |
---------------+-------+-----
Maces & Flails | 2 |  2.3
Translocations | 3 |  3.1
Fighting       | |  2.9
Throwing       | |  1.3
Dodging        | |  2.1
Spellcasting   | |  2.6

Action                   || total
-------------------------++-------
Melee: Mace              ||   127
 Stab: Sleeping          ||     2
Armor: Robe              ||    34
Dodge: Dodged            ||    86
